 Dungeon Crawl Stone Soup version 0.25-a0-975-gcae8493d64 (webtiles) character file.

Game seed: 11070618020812531229, levelgen mode: deterministic

198601 Flugslaktarn the Brawler (level 17, -29/189 HPs)
             Began as a Troll Fighter on May 9, 2020.
             Was the Champion of Okawaru.
             Blown up by an orb spider (55 damage)
             ... with an orb of destruction
             ... on level 4 of the Spider Nest.
             The game lasted 00:23:28 (31716 turns).

Flugslaktarn the Brawler (Troll Fighter)           Turns: 31716, Time: 00:23:29

Health: -29/189    AC: 21    Str: 28    XL:     17   Next: 81%
Magic:  0/22       EV: 13    Int:  4    God:    Okawaru [******]
Gold:   3248       SH: 20    Dex: 14    Spells: 16/16 levels left

rFire    . . .     SeeInvis .     - Unarmed
rCold    . . .     Gourm    +   e - +1 tower shield {reflect}
rNeg     . . .     Faith    .   R - +0 swamp dragon scales
rPois    +         Spirit   +   D - +2 hat {MR+}
rElec    .         Reflect  +   P - +1 cloak
rCorr    .         Harm     .   (gloves unavailable)
MR       +++..                  (boots unavailable)
Stlth    +.........             H - amulet of guardian spirit
HPRegen  0.81/turn              j - +4 ring of slaying
MPRegen  0.18/turn              p - +3 ring of protection

@: about to teleport
A: large, unfitting armour, claws 3, rugged brown scales 1, fast metabolism 3,
gourmand, magic resistance 1, regeneration 1, shaggy fur 1, tough skin 3, wild
magic 1
}: 1/15 runes: decaying
a: Heroism, Finesse, Renounce Religion


You were on level 4 of the Spider Nest.
You worshipped Okawaru.
Okawaru was exalted by your worship.
You were full.

You visited 5 branches of the dungeon, and saw 31 of its levels.
You also visited: Ossuary.

You collected 4658 gold pieces.
You spent 1410 gold pieces at shops.

Inventory:

Armour
 b - +0 ice dragon scales
   (You found it on level 6 of the Lair of Beasts)
 e - a +1 tower shield of reflection (worn)
   (You acquired it on level 11 of the Dungeon)
 i - the +0 hat of Purpose {rF+}
   (You acquired it on level 13 of the Dungeon)

   It protects you from fire.
 l - +0 storm dragon scales
   (You found it on level 14 of the Dungeon)
 D - a +2 hat of magic resistance (worn)
   (Okawaru gifted it to you on level 9 of the Dungeon)
 E - the +1 pearl dragon scales of the Griffon {+Fly rElec rN+ MP+9}
   (Okawaru gifted it to you on level 1 of the Spider Nest)

   It insulates you from electricity.
   It protects you from negative energy.
   It affects your magic capacity (+9).
   It lets you fly.
 P - a +1 cloak (worn)
   (You found it on level 14 of the Dungeon)
 R - +0 swamp dragon scales (worn)
   (You found it on level 4 of the Swamp)
Jewellery
 c - an uncursed ring of protection from cold
   (You found it on level 4 of the Lair of Beasts)
 f - an uncursed ring of protection from fire
   (You bought it in a shop on level 12 of the Dungeon)
 j - a +4 ring of slaying (left claw)
   (You found it on level 15 of the Dungeon)
 o - an uncursed ring of protection from fire
   (You found it on level 15 of the Dungeon)
 p - a +3 ring of protection (right claw)
   (You found it on level 6 of the Lair of Beasts)
 H - an amulet of guardian spirit (around neck)
   (You found it on level 1 of the Lair of Beasts)
Wands
 k - a wand of enslavement (6)
   (You found it on level 6 of the Dungeon)
 v - a wand of digging (6)
   (You found it on level 2 of the Orcish Mines)
 G - a wand of acid (53)
   (You took it off Ijyb on level 5 of the Dungeon)
 K - a wand of paralysis (21)
   (You found it on level 3 of the Lair of Beasts)
 M - a wand of iceblast (10)
   (You found it on level 6 of the Lair of Beasts)
 Q - a wand of clouds (7)
   (You found it on level 10 of the Dungeon)
Scrolls
 m - 6 scrolls of enchant armour
 r - 4 scrolls of identify
 t - 11 scrolls of teleportation
 x - 11 scrolls of remove curse
 z - a scroll of blinking
 B - 3 scrolls of immolation
 F - 8 scrolls of fog
 I - 3 scrolls of magic mapping
 L - a scroll of silence
 S - a scroll of summoning
Potions
 a - a potion of invisibility
 d - 12 potions of might
 g - 7 potions of mutation
 h - 6 potions of haste
 n - 7 potions of resistance
 q - 7 potions of curing
 s - 4 potions of berserk rage
 u - 2 potions of ambrosia
 w - 7 potions of heal wounds
 y - 5 potions of lignification
 C - a potion of magic
 J - 2 potions of cancellation
 N - 3 potions of flight
Comestibles
 A - 59 rations


   Skills:
 * Level 15.3 Fighting
 + Level 7.2 Armour
 - Level 9.0 Dodging
 + Level 11.4 Shields
 * Level 17.7 Unarmed Combat
 - Level 8.0 Invocations


You had 16 spell levels left.
You didn't know any spells.
Your spell library was empty.

Dungeon Overview and Level Annotations

Branches:
Dungeon (15/15)            Temple (0/1) D:6            Lair (6/6) D:10
  Swamp (4/4) Lair:2       Spider (4/4) Lair:4        Slime (0/5) Lair:6
    Orc (2/2) D:12            Elf (0/3) Orc:2        Vaults (0/5) D:13
 Depths (0/5) D:15        Ossuary (visited)

Altars:
Ashenzari
Elyvilon
Fedhas
Gozag
Kikubaaqudgha
Okawaru
Ru
Sif Muna
Xom
Beogh
Jiyva

Shops:
D:6 !   D:12 *   Orc:2 =!?(

Annotations:
D:5 3 runed translucent doors, MisterFreud's ghost, novice FoAK; MisterFreud's ghost, novice OpGl
D:13 1 runed translucent door, Goheseusch's ghost, journeyman GnWn
Lair:1 2 runed translucent doors, Utwiqean's ghost, journeyman DEIE
Lair:2 3 runed translucent doors, exclusion: 4 oklob plants, Esoasiq's ghost, journeyman DsGl
Lair:3 exclusion: 3 oklob plants


Innate Abilities, Weirdness & Mutations

You are too large for most types of armour.
You have claws for hands.
Your metabolism is lightning-fast.
You like to eat raw meat.
Your natural rate of healing is unusually fast.
You are covered in fur. (AC +1)
You have extremely tough skin. (AC +3)
You are partially covered in rugged brown scales. (AC +1, +3% HP)
You are resistant to hostile enchantments. (MR+)
Your spells are a little harder to cast, but a little more powerful.


Message History

The wolf spider misses you.
The orb spider weaves a glowing orb of energy.
You feel you are being watched by something.
You block something's attack. x3
An orb of destruction comes into view.
You claw the wolf spider!
The wolf spider is lightly wounded.
You block the emperor scorpion's attack.
The emperor scorpion claws you.
* * * LOW HITPOINT WARNING * * *
The emperor scorpion claws you but does no damage.
The wolf spider hits you!
* * * LOW HITPOINT WARNING * * *
You block the wolf spider's attack. The emperor scorpion barely misses you.
The emperor scorpion claws you but does no damage.
The emperor scorpion claws you.
* * * LOW HITPOINT WARNING * * *
You feel you are being watched by something.
The orb of destruction hits you!!!
You die...

... ^. .. ##..##
####...≈####
##..#.##.#.≈##
.^#^^..†.@^s..≈#≈.
...;...^†s○ss.....
.#...^†).○^y..#..
##..#.##○#..##
#.##%^.s##.# ##
##..## ## #≈...#
##..## #^^^^#


You could see 2 emperor scorpions, a wolf spider, an orb spider, a hornet, a
tarantella and an electric eel.

Vanquished Creatures
  Saint Roka (Orc:2)
  Jorgrun (Orc:2)
  Rupert (D:15)
  Kirke (D:15)
  A tengu reaver (D:15)
  A thorn hunter (Swamp:4)
  A shadow dragon (D:15)
  A frost giant (D:15)
  A ghost moth (Spider:4)
  Aizul (Swamp:4)
  4 emperor scorpions
  4 entropy weavers
  A dire elephant (Lair:6)
  3 spark wasps (Spider:4)
  Josephine (Lair:5)
  A deep elf high priest (D:15)
  An ice dragon (Lair:6)
  24 hydras
  A yaktaur captain (D:13)
  3 centaur warriors
  3 catoblepae
  5 shambling mangroves
  6 alligators
  A death knight (D:15)
  A tengu warrior (D:14)
  10 two-headed ogres
  A deep troll shaman (Lair:6)
  3 death yaks (Lair:6)
  4 orc high priests (Orc:2)
  Nergalle (Lair:2)
  3 skeletal warriors
  A spriggan druid (Swamp:3)
  3 unseen horrors
  A glowing orange brain (shapeshifter) (D:15)
  8 swamp dragons
  7 ugly things
  11 orb spiders
  A cyclops (D:15)
  2 deep elf magi
  4 orc knights
  A wolf spider zombie (D:13)
  16 wolf spiders
  4 manticores
  4 orc sorcerers
  2 black mambas
  13 elephants
  13 spiny frogs
  A gargoyle (D:14)
  3 torpor snails
  7 demonic crawlers
  3 rime drakes
  An efreet (D:14)
  A kobold demonologist (D:15)
  4 centaur skeletons
  11 komodo dragons
  A yaktaur (D:13)
  5 trolls
  4 meliai
  14 jumping spiders
  A queen bee (Lair:2)
  3 polar bears
  A merfolk (shapeshifter) (D:15)
  A merfolk (D:15)
  13 blink frogs
  A wolf spider simulacrum (D:15)
  18 hornets
  4 tyrant leeches
  31 slime creatures
  12 bog bodies
  6 hippogriffs
  7 dream sheep (Lair:6)
  A centaur simulacrum (D:10)
  50 redbacks
  4 spriggans
  2 shadows
  24 tarantellas
  5 wyverns
  52 yaks
  4 wraiths
  A fire elemental (D:14)
  5 basilisks
  14 vampire mosquitoes
  A hungry ghost (D:14)
  A steam dragon (Lair:2)
  10 wargs
  21 insubstantial wisps
  9 swamp worms
  5 porcupines
  11 swamp drakes
  An acid dragon (D:15)
  3 sky beasts
  14 water moccasins
  47 orc warriors
  3 ice beasts
  2 black bears
  A necrophage (D:6)
  2 phantoms
  A hornet zombie (Ossuary)
  15 wolves
  9 centaurs
  20 ogres
  18 crocodiles
  7 big kobolds
  Blork the orc (D:6)
  A gnoll sergeant (D:12)
  A wyvern zombie (Ossuary)
  24 bullfrogs
  A water moccasin skeleton (D:6)
  4 scorpions
  32 killer bees (Lair:2)
  6 wights
  4 howler monkeys
  An electric eel (Spider:3)
  12 crimson imps
  6 bullfrog zombies
  4 centaur zombies
  A lava snake (D:14)
  31 orc priests
  5 hounds
  13 jellies
  4 bullfrog skeletons
  8 iguanas
  Terence (D:2)
  Ijyb (D:5)
  5 hell rats (Lair:3)
  24 orc wizards
  14 worker ants
  A killer bee zombie (D:10)
  13 mummies
  3 hound skeletons
  4 hound zombies
  2 howler monkey zombies
  2 worker ant zombies (Ossuary)
  9 gnolls
  A howler monkey skeleton (D:8)
  2 river rats (Lair:2)
  11 adders
  5 shadow imps
  3 white imps (Lair:6)
  9 adder zombies
  3 oozes
  2 adder skeletons
  3 worms (D:5)
  A dart slug (D:1)
  14 leopard geckos
  143 orcs
  6 giant cockroaches
  10 goblins
  7 hobgoblins
  11 jackals
  30 kobolds
  6 quokkas
  3 ball pythons
  6 bats
  5 frilled lizards
  A goblin zombie (D:4)
  A leopard gecko skeleton (D:6)
  A leopard gecko zombie (Ossuary)
  An orc zombie (D:4)
  A quokka zombie (D:5)
  8 rats
  3 briar patches (Swamp:4)
1233 creatures vanquished.

Vanquished Creatures (others)
  An alligator (Swamp:3)
  A centaur warrior (D:15)
  A yaktaur (D:13)
  A hornet (Swamp:2)
  2 slime creatures
  A redback (Spider:3)
  2 tarantellas
  A spriggan (Swamp:3)
  A human (D:15)
  An insubstantial wisp (Swamp:3)
  3 centaurs
  3 bullfrogs
  A worker ant (D:6)
  An orc (D:13)
  6 fungi
  7 plants
33 creatures vanquished.

Grand Total: 1266 creatures vanquished

Notes
Turn   | Place    | Note
-------+----------+-------------------------------------------
     0 | D:1      | Flugslaktarn the Troll Fighter began the quest for the Orb.
     0 | D:1      | Reached XP level 1. HP: 22/22 MP: 0/0
   140 | D:1      | Reached XP level 2. HP: 29/29 MP: 1/1
   219 | D:1      | Found a shattered altar of Ashenzari.
   755 | D:2      | Reached XP level 3. HP: 35/36 MP: 2/2
   827 | D:2      | Found an ancient bone altar of Kikubaaqudgha.
  1122 | D:2      | Noticed Terence
  1138 | D:2      | Killed Terence
  1138 | D:2      | Reached XP level 4. HP: 31/45 MP: 3/3
  1213 | D:3      | Reached skill level 3 in Unarmed Combat
  1589 | D:3      | Reached XP level 5. HP: 51/53 MP: 4/4
  2521 | D:4      | Found an iron altar of Okawaru.
  2521 | D:4      | Noticed a phantom
  2542 | D:4      | Became a worshipper of Warmaster Okawaru
  2544 | D:4      | Killed a phantom
  2544 | D:4      | Reached XP level 6. HP: 62/62 MP: 5/5
  2614 | D:4      | Found a sand-covered staircase.
  2623 | Ossuary  | Entered an ossuary
  2648 | Ossuary  | Reached skill level 4 in Unarmed Combat
  2648 | Ossuary  | Reached skill level 1 in Invocations
  2704 | Ossuary  | Reached * piety under Okawaru
  2704 | Ossuary  | Reached XP level 7. HP: 48/70 MP: 5/7
  2929 | Ossuary  | Reached skill level 5 in Unarmed Combat
  3234 | D:4      | Reached ** piety under Okawaru
  3297 | D:4      | Reached XP level 8. HP: 78/79 MP: 8/8
  3450 | D:5      | Entered Level 5 of the Dungeon
  3531 | D:5      | Reached skill level 5 in Fighting
  3619 | D:5      | Found a white marble altar of Elyvilon.
  3619 | D:5      | Found a shimmering blue altar of Sif Muna.
  3619 | D:5      | Found a blossoming altar of Fedhas.
  3619 | D:5      | Noticed Ijyb
  3623 | D:5      | Killed Ijyb
  3798 | D:5      | Gained mutation: You are resistant to hostile enchantments.
                  | (MR+) [potion of mutation]
  3798 | D:5      | Gained mutation: Your spells are a little harder to cast,
                  | but a little more powerful. [potion of mutation]
  3798 | D:5      | Gained mutation: You are partially covered in rugged brown
                  | scales. (AC +1, +3% HP) [potion of mutation]
  4079 | D:5      | Found a runed translucent gate.
  4079 | D:5      | Found a runed translucent gate.
  4079 | D:5      | Found a runed translucent gate.
  4080 | D:5      | Noticed MisterFreud's ghost (novice FoAK)
  4081 | D:5      | Noticed MisterFreud's ghost (novice OpGl)
  4200 | D:6      | Noticed Blork the orc
  4207 | D:6      | Killed Blork the orc
  4207 | D:6      | Reached skill level 6 in Unarmed Combat
  4382 | D:6      | Found a shimmering altar of Xom.
  4410 | D:6      | Found a staircase to the Ecumenical Temple.
  4472 | D:6      | Found Ajukhlem's Distillery.
  4484 | D:6      | Bought a potion of haste for 130 gold pieces
  4484 | D:6      | Bought a potion of heal wounds for 65 gold pieces
  4484 | D:6      | Bought a potion of heal wounds for 65 gold pieces
  4561 | D:6      | Reached *** piety under Okawaru
  4575 | D:6      | Reached XP level 9. HP: 90/90 MP: 10/10
  5185 | D:7      | Reached skill level 7 in Unarmed Combat
  5772 | D:7      | Reached **** piety under Okawaru
  5772 | D:7      | Reached skill level 5 in Dodging
  5916 | D:8      | Reached skill level 5 in Shields
  6082 | D:8      | Reached skill level 8 in Unarmed Combat
  6082 | D:8      | Reached XP level 10. HP: 48/104 MP: 12/12
  6692 | D:9      | Found a blossoming altar of Fedhas.
  6769 | D:9      | Reached ***** piety under Okawaru
  6979 | D:9      | Paralysed by a hornet for 2 turns
  7046 | D:9      | Noticed a two-headed ogre
  7055 | D:9      | Killed a two-headed ogre
  7055 | D:9      | Received a gift from Okawaru
  7055 | D:9      | Reached skill level 5 in Invocations
  7106 | D:9      | Noticed a two-headed ogre
  7257 | D:9      | Killed a two-headed ogre
  7257 | D:9      | Reached skill level 9 in Unarmed Combat
  7872 | D:10     | Entered Level 10 of the Dungeon
  7969 | D:10     | Found a staircase to the Lair.
  8110 | D:10     | Reached XP level 11. HP: 110/113 MP: 14/14
  8225 | D:10     | Found an opulent altar of Gozag.
  8324 | D:10     | Found a shimmering altar of Xom.
  8424 | D:10     | Found a sacrificial altar of Ru.
  9003 | D:11     | Reached skill level 10 in Unarmed Combat
  9114 | D:11     | Noticed a two-headed ogre
  9120 | D:11     | Killed a two-headed ogre
  9120 | D:11     | Received a gift from Okawaru
  9228 | D:11     | Noticed an orc knight
  9250 | D:11     | Killed an orc knight
  9484 | D:11     | Identified 2 scrolls of acquirement
  9486 | D:11     | Identified the ring "Ferucoh" {*Drain rF+ rN+ Int+2 Dex+5}
                  | (You acquired it on level 11 of the Dungeon)
  9498 | D:11     | Identified the ring of Fun {Dex+3 Stlth+} (You acquired it
                  | on level 11 of the Dungeon)
  9628 | D:12     | Noticed a deep elf mage
  9639 | D:12     | Killed a deep elf mage
  9639 | D:12     | Received a gift from Okawaru
  9662 | D:12     | Found Ylylut's Assorted Antiques.
  9687 | D:12     | Found a staircase to the Orcish Mines.
  9862 | D:12     | Noticed a green ugly thing
 10124 | D:12     | Killed a green ugly thing
 10124 | D:12     | Reached XP level 12. HP: 114/125 MP: 12/15
 10250 | D:12     | Bought a scroll labeled TEVOXT JEDAIKK for 38 gold pieces
 10250 | D:12     | Bought an ivory ring for 190 gold pieces
 10314 | D:12     | Noticed a two-headed ogre
 10319 | D:12     | Killed a two-headed ogre
 10340 | D:12     | Found a shimmering altar of Xom.
 10392 | D:12     | Found a shattered altar of Ashenzari.
 10480 | D:12     | Reached skill level 11 in Unarmed Combat
 11178 | Lair:1   | Entered Level 1 of the Lair of Beasts
 11240 | Lair:1   | Noticed a seven-headed hydra
 11430 | Lair:1   | Killed a 17-headed hydra
 11927 | Lair:1   | Reached ****** piety under Okawaru
 12064 | Lair:1   | Found a large runed translucent door.
 12064 | Lair:1   | Found a large runed translucent door.
 12065 | Lair:1   | Noticed Utwiqean's ghost (journeyman DEIE)
 12069 | Lair:1   | Reached skill level 10 in Fighting
 12660 | Lair:2   | Noticed Nergalle
 12678 | Lair:2   | Killed Nergalle
 12678 | Lair:2   | Received a gift from Okawaru
 12931 | Lair:2   | Found the +9 staff of Wucad Mu {channel}
 12967 | Lair:2   | Found a runed translucent gate.
 12967 | Lair:2   | Found a runed translucent gate.
 12967 | Lair:2   | Found a runed translucent gate.
 12968 | Lair:2   | Noticed a death ooze
 12984 | Lair:2   | Found a staircase to the Swamp.
 13389 | Lair:2   | Reached XP level 13. HP: 66/139 MP: 11/17
 13410 | Lair:2   | Reached skill level 12 in Unarmed Combat
 13487 | Lair:2   | HP: 6/139 [elephant (2)]
 13792 | Lair:2   | Received a gift from Okawaru
 14231 | Lair:2   | Noticed Esoasiq's ghost (journeyman DsGl)
 14395 | Lair:2   | Found a viscous altar of Jiyva.
 15420 | Lair:3   | Received a gift from Okawaru
 16302 | Lair:4   | Reached skill level 13 in Unarmed Combat
 16759 | Lair:4   | Found a hole to the Spider Nest.
 17350 | Lair:5   | Noticed Josephine
 17376 | Lair:5   | Killed Josephine
 17655 | Lair:5   | Received a gift from Okawaru
 17965 | Lair:6   | Entered Level 6 of the Lair of Beasts
 18000 | Lair:6   | Reached XP level 14. HP: 48/150 MP: 5/19
 18511 | Lair:6   | Received a gift from Okawaru
 19151 | Lair:6   | Found a staircase to the Slime Pits.
 20029 | D:13     | Reached skill level 14 in Unarmed Combat
 20358 | D:13     | Identified the +3 fustibalus "Pyberunt" {vorpal, MP+9 SInv}
                  | (You acquired it on level 13 of the Dungeon)
 20358 | D:13     | Identified the +0 hat of Purpose {rF+} (You acquired it on
                  | level 13 of the Dungeon)
 20358 | D:13     | Identified the amulet of Iceivaj {RegenMP *Corrode Int+5}
                  | (You acquired it on level 13 of the Dungeon)
 20505 | D:13     | Found a gate to the Vaults.
 20643 | D:13     | Received a gift from Okawaru
 20643 | D:13     | Reached skill level 1 in Armour
 20678 | D:13     | Noticed Goheseusch's ghost (journeyman GnWn)
 20680 | D:13     | Found a runed translucent door.
 21991 | D:15     | Entered Level 15 of the Dungeon
 22160 | D:15     | Noticed Kirke
 22178 | D:15     | Reached XP level 15. HP: 133/162 MP: 14/20
 22181 | D:15     | Killed Kirke
 22355 | D:15     | Noticed Rupert
 22370 | D:15     | Killed Rupert
 22625 | D:15     | Received a gift from Okawaru
 22736 | D:15     | Noticed a shadow dragon
 22747 | D:15     | Killed a shadow dragon
 22934 | D:15     | Noticed a tengu reaver
 22950 | D:15     | Killed a tengu reaver
 22950 | D:15     | Reached skill level 15 in Unarmed Combat
 22951 | D:15     | Noticed a frost giant
 22965 | D:15     | Killed a frost giant
 23412 | D:15     | Found a staircase to the Depths.
 23593 | Orc:1    | Entered Level 1 of the Orcish Mines
 23772 | Orc:1    | Received a gift from Okawaru
 24129 | Orc:2    | Entered Level 2 of the Orcish Mines
 24357 | Orc:2    | Noticed Jorgrun
 24371 | Orc:2    | Killed Jorgrun
 24371 | Orc:2    | Reached skill level 10 in Shields
 24579 | Orc:2    | Found a staircase to the Elven Halls.
 24821 | Orc:2    | Found a roughly hewn altar of Beogh.
 24965 | Orc:2    | Found Koinon's Weapon Boutique.
 24988 | Orc:2    | Found Caephu's Magic Scroll Shop.
 25004 | Orc:2    | Bought a scroll of enchant armour for 97 gold pieces
 25004 | Orc:2    | Bought a scroll of summoning for 123 gold pieces
 25004 | Orc:2    | Bought a scroll of teleportation for 39 gold pieces
 25004 | Orc:2    | Bought a scroll of teleportation for 39 gold pieces
 25004 | Orc:2    | Bought a scroll of teleportation for 39 gold pieces
 25004 | Orc:2    | Bought a scroll of fear for 45 gold pieces
 25286 | Orc:2    | Noticed Saint Roka
 25633 | Orc:2    | Killed Saint Roka
 25633 | Orc:2    | Received a gift from Okawaru
 25652 | Orc:2    | Reached XP level 16. HP: 116/175 MP: 9/21
 25660 | Orc:2    | Found Meliwnyph's Distillery.
 25746 | Orc:2    | Found a roughly hewn altar of Beogh.
 25794 | Orc:2    | Bought 2 potions of mutation for 192 gold pieces
 25794 | Orc:2    | Bought a potion of heal wounds for 60 gold pieces
 25794 | Orc:2    | Bought 2 potions of heal wounds for 120 gold pieces
 25794 | Orc:2    | Bought a potion of mutation for 96 gold pieces
 25794 | Orc:2    | Bought 2 potions of curing for 72 gold pieces
 25820 | Orc:2    | Found Mikhlegh's Jewellery Shop.
 26470 | Spider:1 | Entered Level 1 of the Spider Nest
 26540 | Swamp:1  | Entered Level 1 of the Swamp
 26717 | Swamp:2  | Paralysed by a hornet for 1 turns
 26781 | Swamp:2  | Received a gift from Okawaru
 27113 | Swamp:3  | Reached skill level 16 in Unarmed Combat
 27287 | Swamp:3  | Reached skill level 5 in Armour
 27903 | Swamp:3  | Received a gift from Okawaru
 28323 | Swamp:4  | Entered Level 4 of the Swamp
 28688 | Swamp:4  | Noticed Aizul
 28704 | Swamp:4  | Killed Aizul
 28735 | Swamp:4  | Noticed a thorn hunter
 28815 | Swamp:4  | Killed a thorn hunter
 29213 | Swamp:4  | Got a decaying rune of Zot
 29228 | Swamp:4  | Reached XP level 17. HP: 181/187 MP: 22/22
 29786 | Spider:1 | Received a gift from Okawaru
 29813 | Spider:1 | Reached skill level 17 in Unarmed Combat
 30001 | Spider:1 | Received a gift from Okawaru
 30004 | Spider:1 | Got bloodstained pearl dragon scales {god gift}
 30019 | Spider:1 | Identified the +1 pearl dragon scales of the Griffon {+Fly
                  | rElec rN+ MP+9} (Okawaru gifted it to you on level 1 of the
                  | Spider Nest)
 30480 | Spider:2 | Paralysed by a hornet for 3 turns
 30868 | Spider:3 | Reached skill level 15 in Fighting
 31092 | Spider:4 | Entered Level 4 of the Spider Nest
 31666 | Spider:4 | Received a gift from Okawaru
 31716 | Spider:4 | Blown up by an orb spider

Illustrated notes

Levels and vault maps discovered:
D:1:      dpeg_arrival_rooms_c, layout_loops_ring, evilmike_ruin_ashenzari
D:2:      layout_rooms, old_standard_altar, uniq_terence
D:3:      minmay_razor_zed, layout_basic, first_ration, serial_curves,
          eino_curves_02, eino_curves_03, minmay_ruptured
D:4:      layout_rooms, nicolae_ossuary_entry_giza, minmay_statues_item,
          okawaru_metal_pillars_3
D:5:      layout_basic, gammafunk_temple_overflow_forgotten,
          gammafunk_ghost_cemetery, uniq_ijyb
D:6:      cheibrodos_barr_body, layout_cave_pods, xom_confusion_cloud,
          minmay_temple_entry_antechambers, serial_shops,
          nicolae_shop_temple_entry_statues_fountains, uniq_blork_the_orc
D:7:      layout_basic, nicolae_overflow_hidden_temple, the_bakery
D:8:      layout_cave_pools
D:9:      layout_long_grid, fedhas_altar_fruit_tree
D:10:     layout_roguey, erik_lair_orcish_takeover, hangedman_feature_mirror,
          minmay_misc_feat_enclosed, nicolae_ru_path_of_blood
D:11:     layout_stronghold
D:12:     layout_cave_pods, erik_orc_4, serial_shops, shop,
          hangedman_feature_mirror, nrook_campfire, serial_bayou_pond_e
D:13:     layout_basic, david_vaults_2, hellmonk_ghost_happy_afterlife,
          minmay_mirror_moons_of_madness
D:14:     layout_basic, chequers_serial_rivers_room_a
D:15:     hangedman_depths_entry_try_elsewhere_first, layout_cave_pods,
          dk_noncrumbling_4, minmay_diamond_spiral, uniq_rupert, uniq_kirke
Lair:1:   layout_cave_pods, ebering_ghost_disaster_area
Lair:2:   hangedman_what_comes_after_a, layout_regular_city,
          minmay_swamp_entry_reptiles, gammafunk_ghost_ooze, uniq_nergalle
Lair:3:   layout_chaotic_city, grunt_megastairs_5, minmay_lair_oklob_chamber,
          lemuel_fruit_fields
Lair:4:   layout_gridlike, spider_nest_entry_rubble, serial_bayou_shore_b,
          lemuel_fruit_tree, grunt_megastairs_1, infiniplex_staircase_pool_2
Lair:5:   layout_layer_cave, grunt_megastairs_4, uniq_josephine
Lair:6:   grunt_lair_end_beastmaster, layout_gridlike,
          minmay_slime_entry_jelly_boxes, bobbens_ice_dragon_lair
Swamp:1:  gammafunk_worm_tunnel, layout_basic_swamp,
          evilmike_swamp_ruin_rubble_2
Swamp:2:  layout_falls_marsh, evilmike_swamp_ruin_house_1, swamp_pool2
Swamp:3:  layout_basic_swamp, evilmike_swamp_ruin_house_4, swamp_pool4,
          nicolae_swamp_orc_logging_accident
Swamp:4:  swamp_basic_johnstein, layout_basic_swamp, uniq_aizul
Spider:1: layout_chambers
Spider:2: layout_spider_delve, uniq_roxanne
Spider:3: layout_spider_delve, drop_trap
Spider:4: guppyfry_spider_rune
Orc:1:    layout_caves
Orc:2:    pubby_orc_utopia, uniq_jorgrun

Skill      XL: |  1  2  3  4  5  6  7  8  9 10 11 12 13 14 15 16 17 |
---------------+----------------------------------------------------+-----
Fighting       | 3 4 5 7 8 9 10 11 12 13 14 15 | 15.3
Unarmed Combat | 3 4 5 6 8 9 10 11 13 14 15 16 17 | 17.7
Dodging        | 3 4 5 6 7 8 9 |  9.0
Shields        | 3 4 5 6 7 8 9 10 11 | 11.4
Invocations    | 1 2 3 4 5 6 7 8 |  8.0
Armour         | 2 4 6 7 |  7.2

Action                   |  1- 3 |  4- 6 |  7- 9 | 10-12 | 13-15 | 16-18 || total
-------------------------+-------+-------+-------+-------+-------+-------++-------
Melee: Unarmed           |   130 |   232 |   479 |   829 |  1616 |  1034 ||  4320
Invok: Heroism           |       |       |       |     5 |    17 |    12 ||    34
       Finesse           |       |       |       |       |     2 |     3 ||     5
  Use: Potion            |       |     1 |     1 |     1 |     1 |     8 ||    12
       Scroll            |       |       |    20 |    14 |    16 |     5 ||    55
 Stab: Sleeping          |     1 |       |     1 |       |     1 |       ||     3
       Distracted        |       |       |     2 |       |     2 |       ||     4
       Petrified         |       |       |       |       |     1 |       ||     1
  Eat: Chunk             |    14 |    13 |    36 |    64 |   112 |    58 ||   297
Armor: Robe              |    56 |    71 |    93 |   253 |   239 |       ||   712
       Skin              |       |     1 |       |       |       |       ||     1
       Ice dragon scales |       |       |       |       |    70 |       ||    70
       Storm dragon scal |       |       |       |       |   184 |   340 ||   524
       Swamp dragon scal |       |       |       |       |       |   235 ||   235
Dodge: Dodged            |    46 |    81 |   140 |   345 |   495 |   427 ||  1534
Block: Kite shield       |    69 |    98 |   188 |   178 |       |       ||   533
       Tower shield      |       |       |       |   576 |  1619 |  1229 ||  3424
       Reflection        |       |       |       |     5 |    46 |    15 ||    66

Table legend:
 A = Non-vault XP
 B = Vault XP
 C = Vault XP percentage of total XP
 D = Non-vault monster count
 E = Vault monster count
 F = Vault count percentage of total count
                 A         B        C        D         E       F
            +---------+---------+-------+---------+---------+-------
      Total |  171930 |  104574 |  37.8 |     813 |     425 |  34.3
            +---------+---------+-------+---------+---------+-------
        D:1 |      35 |       0 |   0.0 |      24 |       0 |   0.0
        D:2 |      34 |      38 |  52.8 |      18 |       1 |   5.3
        D:3 |      99 |      68 |  40.7 |      29 |      14 |  32.6
        D:4 |     258 |      23 |   8.2 |      10 |       3 |  23.1
        D:5 |     559 |      35 |   5.9 |      16 |       1 |   5.9
        D:6 |     682 |     405 |  37.3 |      27 |      15 |  35.7
        D:7 |    1238 |     215 |  14.8 |      30 |       1 |   3.2
        D:8 |    1457 |       0 |   0.0 |      23 |       0 |   0.0
        D:9 |    4208 |       0 |   0.0 |      39 |       0 |   0.0
       D:10 |    1483 |    1190 |  44.5 |      14 |      14 |  50.0
       D:11 |    5896 |       0 |   0.0 |      38 |       0 |   0.0
       D:12 |    5886 |     504 |   7.9 |      30 |      16 |  34.8
       D:13 |    4658 |    3180 |  40.6 |      25 |      10 |  28.6
       D:14 |    7705 |       0 |   0.0 |      26 |       0 |   0.0
       D:15 |   12782 |   14246 |  52.7 |      29 |      10 |  25.6
     Lair:1 |    6395 |       0 |   0.0 |      27 |       0 |   0.0
     Lair:2 |    5626 |    8180 |  59.2 |      22 |      59 |  72.8
     Lair:3 |    9853 |     493 |   4.8 |      40 |       2 |   4.8
     Lair:4 |    2738 |     591 |  17.8 |       7 |       2 |  22.2
     Lair:5 |    1739 |    1894 |  52.1 |       9 |       5 |  35.7
     Lair:6 |   13191 |    9559 |  42.0 |      46 |      33 |  41.8
    Swamp:1 |    3254 |       0 |   0.0 |      13 |       0 |   0.0
    Swamp:2 |    5165 |       0 |   0.0 |      13 |       0 |   0.0
    Swamp:3 |   17745 |       0 |   0.0 |      56 |       0 |   0.0
    Swamp:4 |   12174 |   23735 |  66.1 |      36 |      34 |  48.6
   Spider:1 |   16034 |       0 |   0.0 |      38 |       0 |   0.0
   Spider:2 |    6033 |       0 |   0.0 |      21 |       0 |   0.0
   Spider:3 |    6678 |       0 |   0.0 |      22 |       0 |   0.0
   Spider:4 |   15559 |   12624 |  44.8 |      36 |      24 |  40.0
      Orc:1 |    2766 |       0 |   0.0 |      49 |       0 |   0.0
      Orc:2 |       0 |   26701 | 100.0 |       0 |     147 | 100.0
    Ossuary |       0 |     893 | 100.0 |       0 |      34 | 100.0
            +---------+---------+-------+---------+---------+-------
